[Event "Krakow Championship-B 2022"]
[Site "Krakow"]
[Date "2022.06.25"]
[Round "1.1"]
[White "Szczurek, Krzysztof"]
[Black "Moeller, Hannah"]
[Result "1-0"]
[ECO "B07"]
[WhiteElo "2151"]
[BlackElo "1833"]
[Annotator "RC"]
[PlyCount "57"]
[EventDate "2022.06.25"]
[EventType "swiss"]
[EventCountry "POL"]
[SourceTitle "playchess.com"]
[Source "ChessBase"]
[SourceQuality "1"]
[TimeControl "40/5400+30:1800+30"]

1. d4 Nf6 2. Nc3 g6 3. e4 d6 4. Be3 Bg7 5. f3 Nbd7 6. Qd2 h5 7. O-O-O c6 8. e5 Nh7 9. exd6 exd6 10. Bf4 Nb6 11. Ne4 O-O 12. Bxd6 Re8 13. Ba3 Bf8 14. Bxf8 Rxf8 15. h3 Be6 16. g4 h4 17. Ne2 Nc4 18. Qc3 b5 19. Nf4 Bd5 20. b3 Na3 21. Kb2 Bxe4 22. fxe4 Qe7 23. Bg2 b4 24. Qc5 Qxc5 25. dxc5 Rfe8 26. c4 Ng5 27. Rhe1 Rad8 28. Rd6 Kf8 29. e5 1-0

[Event "Krakow Championship-B 2022"]
[Site "Krakow"]
[Date "2022.06.25"]
[Round "1.2"]
[White "Zarebska, Lena"]
[Black "Lilja, Richard"]
[Result "1-0"]
[ECO "B06"]
[WhiteElo "1829"]
[BlackElo "2144"]
[Annotator "NA RC"]
[PlyCount "75"]
[EventDate "2022.06.25"]
[EventType "swiss"]
[EventCountry "POL"]
[SourceTitle "playchess.com"]
[Source "ChessBase"]
[SourceQuality "1"]
[TimeControl "40/5400+30:1800+30"]

1. e4 g6 2. d4 Bg7 3. f4 d6 4. Nf3 Nf6 5. e5 dxe5 6. dxe5 Qxd1+ 7. Kxd1 Nd5 8. c4 Nb6 9. Nc3 c6 10. Bd3 O-O 11. Be3 Bg4 12. Kc2 Na6 13. a3 Nd7 14. b4 f6 15. exf6 Nxf6 16. Ne5 Nc7 17. h3 Be6 18. g4 Nd7 19. Nxd7 Bxd7 20. Rhf1 Bh6 21. Rae1 e6 22. Ne4 a5 23. Bd4 Ne8 24. Nc5 Bc8 25. Nxe6 Bxe6 26. Rxe6 axb4 27. f5 bxa3 28. fxg6 hxg6 29. Rxg6+ Bg7 30. Bf5 a2 31. Ba1 c5 32. Re1 Nf6 33. Re7 Rf7 34. Be6 Raf8 35. Rxf7 Rxf7 36. Bxf7+ Kxf7 37. Rxg7+ Kxg7 38. g5 1-0

[Event "Krakow Championship-B 2022"]
[Site "Krakow"]
[Date "2022.06.25"]
[Round "1.3"]
[White "Skomial, Mateusz"]
[Black "Krupinski, Mikolaj"]
[Result "1-0"]
[ECO "B59"]
[WhiteElo "2063"]
[BlackElo "1826"]
[Annotator "NA RC"]
[PlyCount "77"]
[EventDate "2022.06.25"]
[EventType "swiss"]
[EventCountry "POL"]
[SourceTitle "playchess.com"]
[Source "ChessBase"]
[SourceQuality "1"]
[TimeControl "40/5400+30:1800+30"]

1. e4 c5 2. Nf3 Nc6 3. d4 cxd4 4. Nxd4 Nf6 5. Nc3 d6 6. Be2 e5 7. Nb3 Be7 8. f3 O-O 9. Be3 Be6 10. O-O d5 11. exd5 Nxd5 12. Nxd5 Qxd5 13. Qe1 Nd4 14. Bd3 Nxb3 15. axb3 Rfd8 16. Ra5 Qd7 17. Rxa7 Rxa7 18. Bxa7 Qc7 19. Bf2 g6 20. Qe2 Bf6 21. Rd1 Bg7 22. Be4 Rxd1+ 23. Qxd1 f5 24. Bd5 Kf7 25. c4 Qd6 26. Bxe6+ Kxe6 27. Qc2 Bh6 28. Be1 Qd4+ 29. Kf1 Qf4 30. Qd3 Qxh2 31. Qd5+ Kf6 32. Bh4+ Kg7 33. Qd7+ Kg8 34. Qe6+ Kf8 35. Be7+ Kg7 36. Bf6+ Kf8 37. Qe7+ Kg8 38. Qe8+ Bf8 39. Qe6# 1-0

[Event "Krakow Championship-B 2022"]
[Site "Krakow"]
[Date "2022.06.25"]
[Round "1.4"]
[White "Rumsey, Victor B"]
[Black "Stemmler, Fabian"]
[Result "0-1"]
[ECO "A96"]
[WhiteElo "1809"]
[BlackElo "2054"]
[Annotator "RC"]
[PlyCount "144"]
[EventDate "2022.06.25"]
[EventType "swiss"]
[EventCountry "POL"]
[SourceTitle "playchess.com"]
[Source "ChessBase"]
[SourceQuality "1"]
[TimeControl "40/5400+30:1800+30"]

1. d4 e6 2. c4 f5 3. g3 Nf6 4. Bg2 Be7 5. Nf3 O-O 6. O-O d6 7. Nc3 Ne4 8. Qc2 Nxc3 9. Qxc3 a5 10. b3 Bf6 11. Bb2 Nc6 12. Rad1 Qe8 13. Qc2 e5 14. dxe5 dxe5 15. e4 f4 16. gxf4 exf4 17. e5 Be7 18. Rfe1 Be6 19. a3 Qh5 20. Qe4 g5 21. h3 Rad8 22. Nd4 Nxd4 23. Rxd4 f3 24. Rxd8 Bxd8 25. Bf1 c6 26. c5 Rf4 27. Qd3 Be7 28. Re4 Qh4 29. Rxf4 Qxf4 30. Qe3 Qxe3 31. fxe3 h5 32. Kf2 g4 33. hxg4 hxg4 34. Kg3 Bxc5 35. Bc3 Bxa3 36. Bxa5 Bb2 37. Kf4 Bxe5+ 38. Kxe5 g3 39. Be1 g2 40. Bxg2 fxg2 41. Bf2 Bxb3 42. e4 Bc2 43. Bb6 Kf7 44. Kf4 Ke6 45. Kf3 Kd6 46. Kxg2 Bxe4+ 47. Kf2 c5 48. Ke3 Bg6 49. Kd2 Kc6 50. Bd8 b5 51. Be7 Kd5 52. Kc3 Bh5 53. Kb3 Bd1+ 54. Kc3 b4+ 55. Kd3 Ba4 56. Kd2 Kc4 57. Kc1 Bd7 58. Kb2 Kb5 59. Bf6 Be6 60. Bg7 Kc6 61. Bf6 c4 62. Bg7 Bg4 63. Bf6 Bd1 64. Be7 Kb5 65. Bf6 Ba4 66. Bd4 Kc6 67. Bf6 Kd5 68. Bg7 Ke4 69. Bf6 Kd3 70. Bg7 c3+ 71. Kc1 b3 72. Kb1 b2 0-1

[Event "Krakow Championship-B 2022"]
[Site "Krakow"]
[Date "2022.06.25"]
[Round "1.5"]
[White "Kulesza, Andrzej"]
[Black "Owoc, Jakub"]
[Result "0-1"]
[ECO "B12"]
[WhiteElo "1998"]
[BlackElo "1741"]
[Annotator "NA RC"]
[PlyCount "140"]
[EventDate "2022.06.25"]
[EventType "swiss"]
[EventCountry "POL"]
[SourceTitle "playchess.com"]
[Source "ChessBase"]
[SourceQuality "1"]
[TimeControl "40/5400+30:1800+30"]

1. e4 c6 2. d4 d5 3. e5 c5 4. dxc5 Nc6 5. Nf3 Bg4 6. c3 e6 7. Bb5 Bxf3 8. Qxf3 Bxc5 9. O-O Nge7 10. Bg5 Qc7 11. b4 Bb6 12. Bxe7 Qxe7 13. Qe2 O-O 14. Nd2 a5 15. a3 Qc7 16. Nf3 Rfd8 17. Rac1 Qe7 18. Qb2 Rac8 19. Bd3 d4 20. b5 dxc3 21. Qxc3 Na7 22. Qb3 a4 23. Qb1 Qxa3 24. Rxc8 Rxc8 25. Bxh7+ Kf8 26. Be4 Qb3 27. g3 Nxb5 28. Bxb7 Rc2 29. Qe1 Nc3 30. Ba6 Qd5 31. Kg2 a3 32. h4 a2 33. Qa1 Bd4 34. Bd3 Rd2 35. Bc4 Qc6 36. Qc1 Nb1 37. Bxa2 Rxf2+ 38. Rxf2 Qxc1 39. Nxd4 Ke7 40. Bxb1 Qxb1 41. Nf3 Qe4 42. Kh2 Qe3 43. Kg2 f6 44. Rf1 Qe2+ 45. Rf2 Qe4 46. Rf1 fxe5 47. Re1 Qc2+ 48. Kh3 Qc3 49. Rf1 e4 50. Ng1 Qd2 51. Kg4 e5 52. Ra1 e3 53. Nf3 Qd7+ 54. Kg5 e4 55. Ne5 Qd5 56. Kf5 e2 57. Ra7+ Ke8 58. Ra1 Ke7 59. h5 Qd1 60. Ra7+ Kd6 61. Nc4+ Kc5 62. Ne3 Kb6 63. Rxg7 Qg1 64. Nc2 Qc5+ 65. Kg6 Qxc2 66. h6 e3+ 67. Kf7 e1=Q 68. Rg6+ Qxg6+ 69. Kxg6 Qxg3+ 70. Kh7 e2 0-1

[Event "Krakow Championship-B 2022"]
[Site "Krakow"]
[Date "2022.06.25"]
[Round "1.6"]
[White "Crnkovic, Predrag"]
[Black "Duncan, Patrick C M"]
[Result "0-1"]
[ECO "B10"]
[WhiteElo "1792"]
[BlackElo "2013"]
[Annotator "NA RC"]
[PlyCount "80"]
[EventDate "2022.06.25"]
[EventType "swiss"]
[EventCountry "POL"]
[SourceTitle "playchess.com"]
[Source "ChessBase"]
[SourceQuality "1"]
[TimeControl "40/5400+30:1800+30"]

1. e4 c6 2. d3 d5 3. Nd2 e5 4. Ngf3 Bd6 5. g3 Nf6 6. c3 O-O 7. Bg2 Nbd7 8. O-O b6 9. Re1 Qc7 10. d4 dxe4 11. dxe5 Nxe5 12. Nxe5 Bxe5 13. Nxe4 Bb7 14. Nxf6+ Bxf6 15. Bf4 Qc8 16. Qf3 Re8 17. g4 g6 18. g5 Bg7 19. Bh3 Rxe1+ 20. Rxe1 Qf8 21. Bd7 Qc5 22. Re8+ Rxe8 23. Bxe8 Qf5 24. Qe3 Qb1+ 25. Qc1 Qxa2 26. Bd7 c5 27. Bg4 Qd5 28. f3 Be5 29. Bxe5 Qxe5 30. Qd2 Bc6 31. h4 Qg3+ 32. Kh1 Qxh4+ 33. Kg1 Qg3+ 34. Kh1 Bxf3+ 35. Bxf3 Qxf3+ 36. Kg1 Kg7 37. Qd8 Qg4+ 38. Kh1 Qe4+ 39. Kh2 Qf4+ 40. Kg2 h6 0-1

[Event "Krakow Championship-B 2022"]
[Site "Krakow"]
[Date "2022.06.25"]
[Round "1.7"]
[White "Al-Hajiri, Bader"]
[Black "Evenshaug, Amadeus Hestvik"]
[Result "0-1"]
[ECO "A58"]
[WhiteElo "2052"]
[BlackElo "1785"]
[Annotator "NA RC"]
[PlyCount "93"]
[EventDate "2022.06.25"]
[EventType "swiss"]
[EventCountry "POL"]
[SourceTitle "playchess.com"]
[Source "ChessBase"]
[SourceQuality "1"]
[TimeControl "40/5400+30:1800+30"]

1. d4 Nf6 2. c4 c5 3. d5 b5 4. cxb5 a6 5. bxa6 Bxa6 6. Nc3 d6 7. g3 g6 8. Nf3 Bg7 9. Bg2 O-O 10. O-O Nbd7 11. h3 Nb6 12. Re1 Qc7 13. Rb1 Rfb8 14. b3 Ra7 15. e4 Nfd7 16. Qc2 Ne5 17. Nxe5 Bxe5 18. Be3 Rab7 19. Rec1 Nd7 20. a4 Bd4 21. Nb5 Bxb5 22. Bxd4 Bxa4 23. bxa4 Rxb1 24. Rxb1 Rxb1+ 25. Qxb1 cxd4 26. Qb5 Ne5 27. f4 Qc1+ 28. Kh2 Nc4 29. e5 dxe5 30. fxe5 d3 31. e6 Kg7 32. d6 d2 33. dxe7 d1=Q 34. Qc5 Nd6 35. exf7 Kxf7 36. e8=Q+ Kxe8 37. Qe5+ Kf8 38. Qh8+ Ke7 39. Qe5+ Kd8 40. Qf6+ Kc7 41. h4 Qg1+ 42. Kh3 Qh1+ 43. Bxh1 Qxh1+ 44. Kg4 h5+ 45. Kf4 Qf1+ 46. Ke5 Qe2+ 47. Kd4 0-1

[Event "Krakow Championship-B 2022"]
[Site "Krakow"]
[Date "2022.06.25"]
[Round "1.8"]
[White "Marciniak, Leonard"]
[Black "Malik, Maciej"]
[Result "0-1"]
[ECO "E62"]
[WhiteElo "1799"]
[BlackElo "1984"]
[Annotator "NA RC"]
[PlyCount "142"]
[EventDate "2022.06.25"]
[EventType "swiss"]
[EventCountry "POL"]
[SourceTitle "playchess.com"]
[Source "ChessBase"]
[SourceQuality "1"]
[TimeControl "40/5400+30:1800+30"]

1. d4 Nf6 2. c4 g6 3. Nc3 d6 4. g3 Bg7 5. Bg2 O-O 6. Nf3 Nc6 7. O-O Bg4 8. h3 Bxf3 9. exf3 e5 10. d5 Nd4 11. Be3 Nd7 12. Ne2 Nxe2+ 13. Qxe2 f5 14. f4 Re8 15. Qd2 Qf6 16. Rab1 a5 17. b3 e4 18. Rfc1 b6 19. a4 Nc5 20. Bxc5 bxc5 21. Re1 Qf7 22. Bf1 Bd4 23. Kg2 Qf6 24. Re2 Qf7 25. Qc2 c6 26. dxc6 Qc7 27. Kh2 Qxc6 28. Qd1 Qc7 29. Bg2 Rab8 30. f3 e3 31. Qd3 Qf7 32. b4 axb4 33. Qb3 Ra8 34. Bf1 Ra7 35. Ra2 Rea8 36. Be2 Qc7 37. Bd1 Qc6 38. Kg2 Bc3 39. Qc2 d5 40. Qd3 dxc4 41. Qxc4+ Kg7 42. Bb3 Qd6 43. Rd1 Bd4 44. Re2 Qf6 45. Rc1 Re7 46. Rcc2 h6 47. Qd5 Rea7 48. Qc4 g5 49. fxg5 hxg5 50. Kf1 Qe5 51. Rg2 Rh8 52. h4 g4 53. f4 Qe4 54. Ke1 Bc3+ 55. Kd1 Qxc4 56. Bxc4 Rxa4 57. Ke2 Bd4 58. Rg1 Rha8 59. Bd5 R8a5 60. Be6 Kf6 61. Bc4 Ra1 62. Rcc1 R1a3 63. Rb1 Ra8 64. Rh1 Rc3 65. Rhc1 Raa3 66. Bd5 Rxc1 67. Rxc1 b3 68. Rb1 Ra2+ 69. Kd3 Rd2+ 70. Kc4 e2 71. Kxb3 Rd1 0-1

[Event "Krakow Championship-B 2022"]
[Site "Krakow"]
[Date "2022.06.25"]
[Round "1.9"]
[White "Maciejewski, Kamil"]
[Black "Cattaruzzo, Nicolo`"]
[Result "1-0"]
[ECO "A04"]
[WhiteElo "1939"]
[BlackElo "1744"]
[Annotator "NA RC"]
[PlyCount "77"]
[EventDate "2022.06.25"]
[EventType "swiss"]
[EventCountry "POL"]
[SourceTitle "playchess.com"]
[Source "ChessBase"]
[SourceQuality "1"]
[TimeControl "40/5400+30:1800+30"]

1. Nf3 f5 2. d3 Nf6 3. e4 d6 4. Nc3 Nc6 5. Bg5 e6 6. exf5 h6 7. Bd2 exf5 8. Nh4 Kf7 9. Nf3 g6 10. d4 Bg7 11. Bc4+ d5 12. Bb5 Ne4 13. Bf4 Be6 14. Bxc6 bxc6 15. Na4 Rb8 16. O-O Qe7 17. Ne5+ Bxe5 18. Bxe5 Rhc8 19. f3 Nf6 20. Bxf6 Qxf6 21. f4 Rg8 22. b3 Rbe8 23. c3 Bc8 24. Nc5 Re3 25. Qd2 Rge8 26. Rfe1 Qe7 27. Kf1 g5 28. g3 gxf4 29. gxf4 Rxe1+ 30. Rxe1 Qxe1+ 31. Qxe1 Rxe1+ 32. Kxe1 Kg6 33. Kf2 Kh5 34. Kg3 a5 35. a4 Kg6 36. b4 axb4 37. cxb4 Kf6 38. a5 Kg6 39. a6 1-0

[Event "Krakow Championship-B 2022"]
[Site "Krakow"]
[Date "2022.06.25"]
[Round "1.11"]
[White "Budkiewicz, Magdalena"]
[Black "Majchrowski, Lech"]
[Result "1-0"]
[ECO "B72"]
[WhiteElo "1916"]
[BlackElo "1736"]
[Annotator "NA RC"]
[PlyCount "77"]
[EventDate "2022.06.25"]
[EventType "swiss"]
[EventCountry "POL"]
[SourceTitle "playchess.com"]
[Source "ChessBase"]
[SourceQuality "1"]
[TimeControl "40/5400+30:1800+30"]

1. e4 c5 2. Nf3 d6 3. d4 cxd4 4. Nxd4 Nf6 5. Nc3 g6 6. Be2 Bg7 7. Be3 O-O 8. O-O Nc6 9. Kh1 Nxd4 10. Bxd4 Be6 11. f4 Qc8 12. Qd3 d5 13. exd5 Bf5 14. Qd2 Rd8 15. Be5 Qc5 16. Rad1 Nxd5 17. Nxd5 e6 18. Qc3 Rxd5 19. Bxg7 Be4 20. Qxc5 Rxc5 21. Bc3 Bxc2 22. Rd7 Be4 23. Bf3 Bc6 24. Bxc6 Rxc6 25. Rfd1 Rcc8 26. Rxb7 Rd8 27. Rbd7 Rxd7 28. Rxd7 Kf8 29. Bf6 Ke8 30. Re7+ Kf8 31. Rb7 Rc8 32. Kg1 a6 33. Ra7 Rc1+ 34. Kf2 Ke8 35. Rxa6 Rc4 36. Kf3 h5 37. Ra7 Rc5 38. Re7+ Kf8 39. Rd7 1-0

[Event "Krakow Championship-B 2022"]
[Site "Krakow"]
[Date "2022.06.25"]
[Round "1.12"]
[White "Al Azmi, Khalaf"]
[Black "Czaplak, Lukasz"]
[Result "1-0"]
[ECO "C54"]
[WhiteElo "1731"]
[BlackElo "1905"]
[Annotator "NA RC"]
[PlyCount "106"]
[EventDate "2022.06.25"]
[EventType "swiss"]
[EventCountry "POL"]
[SourceTitle "playchess.com"]
[Source "ChessBase"]
[SourceQuality "1"]
[TimeControl "40/5400+30:1800+30"]

1. e4 e5 2. Nf3 Nc6 3. Bc4 Bc5 4. c3 Nf6 5. d4 exd4 6. cxd4 Bb4+ 7. Nc3 Nxe4 8. O-O Bxc3 9. d5 Bf6 10. Re1 Ne7 11. Rxe4 d6 12. Bg5 Bxg5 13. Nxg5 h6 14. Qe2 hxg5 15. Re1 Be6 16. dxe6 f6 17. Re3 d5 18. Rh3 Rf8 19. Bd3 Qd6 20. Qh5+ Kd8 21. Qh7 Qb4 22. Kf1 Rg8 23. Bg6 c6 24. Rb3 Qa5 25. Bf7 Kc7 26. Bxg8 Rxg8 27. Rf3 Qb5+ 28. Kg1 Qxb2 29. Qh3 Qb4 30. Rc1 Qh4 31. Ra3 Qxh3 32. Rxh3 Kd6 33. Ra3 Nc8 34. Rb3 b6 35. Re1 Re8 36. Rbe3 d4 37. Re4 c5 38. g4 Re7 39. Kf1 Kd5 40. h4 Nd6 41. R4e2 gxh4 42. f4 Nc4 43. f5 Ne5 44. Rxe5+ fxe5 45. g5 e4 46. Ke2 Ke5 47. Rf1 Rc7 48. Rf4 h3 49. Kf1 e3 50. Re4+ Kxe4 51. f6 gxf6 52. gxf6 h2 53. Kg2 Rh7 1-0

[Event "Krakow Championship-B 2022"]
[Site "Krakow"]
[Date "2022.06.26"]
[Round "2.1"]
[White "Cichon, Bartlomiej"]
[Black "Szczurek, Krzysztof"]
[Result "0-1"]
[ECO "B90"]
[WhiteElo "1895"]
[BlackElo "2151"]
[Annotator "RC"]
[PlyCount "56"]
[EventDate "2022.06.25"]
[EventType "swiss"]
[EventCountry "POL"]
[SourceTitle "playchess.com"]
[Source "ChessBase"]
[SourceQuality "1"]
[TimeControl "40/5400+30:1800+30"]

1. e4 c5 2. Nf3 d6 3. d4 cxd4 4. Nxd4 Nf6 5. Nc3 a6 6. h3 e5 7. Nde2 Be6 8. g4 Be7 9. Bg2 Nbd7 10. Be3 b5 11. Qd2 Rc8 12. Nd5 Nc5 13. Ng3 Nxd5 14. exd5 Bd7 15. O-O-O O-O 16. f4 exf4 17. Bxf4 b4 18. Kb1 Na4 19. Ne4 Qc7 20. Rde1 f5 21. Bg5 Nc3+ 22. bxc3 bxc3 23. Qe3 Bxg5 24. Nxg5 Qb7+ 25. Kc1 h6 26. Ne6 f4 27. Qe4 Qb2+ 28. Kd1 Bb5 0-1

[Event "Krakow Championship-B 2022"]
[Site "Krakow"]
[Date "2022.06.26"]
[Round "2.2"]
[White "Spanton, Tim R"]
[Black "Skomial, Mateusz"]
[Result "0-1"]
[ECO "C42"]
[WhiteElo "1860"]
[BlackElo "2063"]
[Annotator "NA RC"]
[PlyCount "80"]
[EventDate "2022.06.25"]
[EventType "swiss"]
[EventCountry "POL"]
[SourceTitle "playchess.com"]
[Source "ChessBase"]
[SourceQuality "1"]
[TimeControl "40/5400+30:1800+30"]

1. e4 e5 2. Nf3 Nf6 3. Nxe5 d6 4. Nf3 Nxe4 5. d3 Nf6 6. d4 d5 7. Bd3 c5 8. O-O c4 9. Re1+ Be7 10. Bf1 O-O 11. b3 cxb3 12. axb3 Nc6 13. h3 Ne4 14. Ba3 Bxa3 15. Nxa3 Qf6 16. c4 Bf5 17. Nc2 Rad8 18. c5 Ng5 19. Nxg5 Qxg5 20. Bd3 Bxh3 21. Qf3 Be6 22. b4 a6 23. b5 axb5 24. Bxb5 Rb8 25. Rab1 h6 26. Rb2 Bg4 27. Qg3 Rbe8 28. Reb1 Bf5 29. Qxg5 hxg5 30. Rd1 Bxc2 31. Rxc2 Re4 32. Bxc6 bxc6 33. Rb2 Rfe8 34. Kf1 g4 35. Rb6 R8e6 36. Rb8+ Kh7 37. Rc8 Rh6 38. Kg1 Rf6 39. Rd2 g3 40. fxg3 Re1+ 0-1

[Event "Krakow Championship-B 2022"]
[Site "Krakow"]
[Date "2022.06.26"]
[Round "2.3"]
[White "Stemmler, Fabian"]
[Black "Cwiek, Ryszard"]
[Result "1-0"]
[ECO "B00"]
[WhiteElo "2054"]
[BlackElo "1880"]
[Annotator "NA RC"]
[PlyCount "125"]
[EventDate "2022.06.25"]
[EventType "swiss"]
[EventCountry "POL"]
[SourceTitle "playchess.com"]
[Source "ChessBase"]
[SourceQuality "1"]
[TimeControl "40/5400+30:1800+30"]

1. e4 Nc6 2. d4 e5 3. dxe5 Nxe5 4. Nf3 Nxf3+ 5. Qxf3 Qf6 6. Nc3 Qxf3 7. gxf3 Bb4 8. Bd2 c6 9. Rg1 Ne7 10. Bc4 b5 11. Bb3 Ng6 12. a4 bxa4 13. Rxa4 a5 14. Ne2 Bd6 15. f4 O-O 16. Bc3 Ba6 17. Rxa5 Bxe2 18. Rxa8 Rxa8 19. Kxe2 Bxf4 20. h4 Ne5 21. h5 Re8 22. Ra1 g5 23. Ra7 d5 24. exd5 cxd5 25. Kf1 Rd8 26. h6 Nc6 27. Bf6 Nxa7 28. Bxd8 Nc6 29. Bf6 g4 30. Bxd5 Nb4 31. Be4 Bxh6 32. c3 Na6 33. b4 Bf4 34. Bd4 Bd6 35. Bf5 h5 36. b5 Nc5 37. b6 Kf8 38. Bf6 Be7 39. Be5 Ke8 40. Bc8 Kd8 41. b7 Na6 42. Bf5 Bc5 43. Bd3 f6 44. Bxa6 Ba7 45. b8=Q+ Bxb8 46. Bxb8 h4 47. Be2 Kc8 48. Bf4 f5 49. Bd3 h3 50. Bxf5+ Kb7 51. Bxg4 Kc6 52. Bxh3 Kc5 53. Ke2 Kc4 54. Kd2 Kc5 55. Be3+ Kc4 56. Bf1+ Kb3 57. c4 Kb2 58. c5 Ka2 59. c6 Kb3 60. c7 Ka2 61. c8=Q Kb1 62. Qc1+ Ka2 63. Bc4# 1-0

[Event "Krakow Championship-B 2022"]
[Site "Krakow"]
[Date "2022.06.26"]
[Round "2.4"]
[White "Duncan, Patrick C M"]
[Black "Matuszczyk, Mateusz"]
[Result "1-0"]
[ECO "A01"]
[WhiteElo "2013"]
[BlackElo "1830"]
[Annotator "NA RC"]
[PlyCount "83"]
[EventDate "2022.06.25"]
[EventType "swiss"]
[EventCountry "POL"]
[SourceTitle "playchess.com"]
[Source "ChessBase"]
[SourceQuality "1"]
[TimeControl "40/5400+30:1800+30"]

1. b3 c5 2. Bb2 Nf6 3. e3 g6 4. Bxf6 exf6 5. c4 d5 6. cxd5 Qxd5 7. Nc3 Qd8 8. Nf3 Nc6 9. Bb5 Bd7 10. O-O Bg7 11. Rc1 O-O 12. Na4 b6 13. d4 Nxd4 14. Bxd7 Nxf3+ 15. gxf3 f5 16. f4 Qh4 17. Qf3 Rad8 18. Rfd1 Qe7 19. Bb5 g5 20. fxg5 Qxg5+ 21. Kh1 Kh8 22. Rxd8 Rxd8 23. Rd1 Rxd1+ 24. Qxd1 Qh4 25. f4 Qe7 26. Bc6 b5 27. Bxb5 Qe4+ 28. Kg1 Qxe3+ 29. Kg2 Bd4 30. Qf3 Qd2+ 31. Kh3 h6 32. Bd3 c4 33. Bxc4 Qxa2 34. Qe2 Qb1 35. Qe8+ Kh7 36. Qxf7+ Bg7 37. Qg8+ Kg6 38. Qe8+ Kh7 39. Bg8+ Kh8 40. Bf7+ Bf8 41. Qxf8+ Kh7 42. Qg8# 1-0

[Event "Krakow Championship-B 2022"]
[Site "Krakow"]
[Date "2022.06.26"]
[Round "2.5"]
[White "Malik, Maciej"]
[Black "Karut, Kacper"]
[Result "1-0"]
[ECO "B11"]
[WhiteElo "1984"]
[BlackElo "1775"]
[Annotator "NA RC"]
[PlyCount "113"]
[EventDate "2022.06.25"]
[EventType "swiss"]
[EventCountry "POL"]
[SourceTitle "playchess.com"]
[Source "ChessBase"]
[SourceQuality "1"]
[TimeControl "40/5400+30:1800+30"]

1. e4 c6 2. Nf3 d5 3. Nc3 Bg4 4. d4 Nf6 5. h3 Bxf3 6. Qxf3 e6 7. Bg5 Be7 8. exd5 Nxd5 9. Bxe7 Qxe7 10. O-O-O Nxc3 11. Qxc3 Nd7 12. Qg3 O-O 13. Bd3 Nf6 14. Qh4 h6 15. Rhg1 Nd5 16. Qe4 Qg5+ 17. Kb1 Nf6 18. Qe2 Rfe8 19. g3 e5 20. h4 Qh5 21. g4 Qxh4 22. dxe5 Qg5 23. Rde1 Qf4 24. Rg3 Re7 25. Re3 Nd5 26. Re4 Qg5 27. Qf3 Rae8 28. Qg3 Qd2 29. a3 b5 30. f4 Qa5 31. g5 hxg5 32. Qxg5 b4 33. Rg1 f6 34. exf6 Nc3+ 35. bxc3 Qxg5 36. Rxg5 Rxe4 37. Bxe4 Rxe4 38. Rxg7+ Kf8 39. cxb4 Rxf4 40. Rxa7 Rxf6 41. Kb2 Ke8 42. Kb3 Kd8 43. a4 Kc8 44. Kc4 Kb8 45. Rh7 Rf5 46. b5 cxb5+ 47. axb5 Rf4+ 48. Kb3 Rf3+ 49. Kb4 Rf4+ 50. c4 Rg4 51. b6 Rf4 52. Kb5 Rf1 53. c5 Rf5 54. Ka6 Rxc5 55. Rh8+ Rc8 56. Rxc8+ Kxc8 57. Ka7 1-0

[Event "Krakow Championship-B 2022"]
[Site "Krakow"]
[Date "2022.06.26"]
[Round "2.6"]
[White "Stokes, Paul C"]
[Black "Maciejewski, Kamil"]
[Result "0-1"]
[ECO "A46"]
[WhiteElo "1857"]
[BlackElo "1939"]
[Annotator "NA RC"]
[PlyCount "132"]
[EventDate "2022.06.25"]
[EventType "swiss"]
[EventCountry "POL"]
[SourceTitle "playchess.com"]
[Source "ChessBase"]
[SourceQuality "1"]
[TimeControl "40/5400+30:1800+30"]

1. d4 Nf6 2. Nf3 d5 3. g3 e6 4. Bg2 c5 5. O-O Nc6 6. c3 Bd6 7. Bg5 h6 8. Bxf6 Qxf6 9. e3 O-O 10. Nbd2 cxd4 11. exd4 Bd7 12. Re1 Rfc8 13. Qe2 Qd8 14. Ne5 Nxe5 15. dxe5 Be7 16. c4 Bc6 17. Red1 Qb6 18. b3 Rd8 19. cxd5 Bxd5 20. Nc4 Qa6 21. Qb2 Bxg2 22. Kxg2 b5 23. Ne3 Bc5 24. Rxd8+ Rxd8 25. Rd1 Qc6+ 26. Kg1 Rxd1+ 27. Nxd1 Qe4 28. Qd2 Qxe5 29. Ne3 Bxe3 30. fxe3 g6 31. Kf2 a6 32. Kg1 h5 33. Kf2 Kg7 34. h4 Qf5+ 35. Kg1 Qd5 36. Qf2 e5 37. Kh2 a5 38. Kg1 b4 39. Kh2 e4 40. Kg1 Qf5 41. Qd2 Qe5 42. Kf2 Qf6+ 43. Kg2 Qc3 44. Qf2 Kf8 45. Kh2 Ke7 46. Kg2 Ke6 47. Kh2 Qd3 48. Kg2 Qd1 49. Kh2 f6 50. Kg2 Qf3+ 51. Qxf3 exf3+ 52. Kxf3 Ke5 53. e4 Kd4 54. Kf4 Kc3 55. e5 fxe5+ 56. Kxe5 Kb2 57. Kf6 Kxa2 58. Kxg6 Kxb3 59. Kxh5 a4 60. g4 a3 61. g5 a2 62. g6 a1=Q 63. Kh6 Qh8+ 64. Kg5 Ka4 65. h5 b3 66. h6 b2 0-1

[Event "Krakow Championship-B 2022"]
[Site "Krakow"]
[Date "2022.06.26"]
[Round "2.7"]
[White "Zamekhovskiy, Yevgen"]
[Black "Zarebska, Lena"]
[Result "1-0"]
[ECO "A43"]
[WhiteElo "1926"]
[BlackElo "1829"]
[Annotator "NA RC"]
[PlyCount "87"]
[EventDate "2022.06.25"]
[EventType "swiss"]
[EventCountry "POL"]
[SourceTitle "playchess.com"]
[Source "ChessBase"]
[SourceQuality "1"]
[TimeControl "40/5400+30:1800+30"]

1. d4 Nf6 2. Nf3 c5 3. d5 b5 4. c4 g6 5. Qc2 Bg7 6. e4 bxc4 7. Bxc4 d6 8. Nc3 O-O 9. O-O Bg4 10. Nd2 Qa5 11. h3 Bc8 12. Be2 Ba6 13. Nc4 Qb4 14. a3 Qb7 15. Bg5 h6 16. Bh4 Re8 17. Rab1 Qc7 18. Qa4 g5 19. Bg3 Bxc4 20. Bxc4 a6 21. Qd1 Nbd7 22. Qe2 Reb8 23. Bxa6 Nh5 24. Qxh5 Rxa6 25. f4 Nf6 26. Qe2 Qb7 27. fxg5 hxg5 28. e5 dxe5 29. Bxe5 Re8 30. Rbd1 Nd7 31. Bxg7 Kxg7 32. d6 Rb6 33. Qh5 Ne5 34. Qxg5+ Ng6 35. h4 exd6 36. Qf6+ Kg8 37. h5 Rxb2 38. Rf3 Re6 39. Qd8+ Kg7 40. Rg3 Re3 41. Qg5 Rxg3 42. Qxg3 Rb3 43. hxg6 fxg6 44. Rxd6 1-0

[Event "Krakow Championship-B 2022"]
[Site "Krakow"]
[Date "2022.06.26"]
[Round "2.8"]
[White "Owoc, Jakub"]
[Black "Budkiewicz, Magdalena"]
[Result "1/2-1/2"]
[ECO "E77"]
[WhiteElo "1741"]
[BlackElo "1916"]
[Annotator "NA RC"]
[PlyCount "91"]
[EventDate "2022.06.25"]
[EventType "swiss"]
[EventCountry "POL"]
[SourceTitle "playchess.com"]
[Source "ChessBase"]
[SourceQuality "1"]
[TimeControl "40/5400+30:1800+30"]

1. d4 Nf6 2. c4 g6 3. Nc3 Bg7 4. e4 d6 5. f4 O-O 6. Nf3 c5 7. d5 e6 8. Be2 Re8 9. e5 dxe5 10. fxe5 Ng4 11. Bg5 Qa5 12. O-O Nxe5 13. Nb5 Qb6 14. a4 a5 15. d6 Nxf3+ 16. Rxf3 Bd4+ 17. Kh1 Na6 18. Bf6 Bd7 19. Bxd4 cxd4 20. Qxd4 Qxd4 21. Nxd4 Nc5 22. Nb5 Bc6 23. Re3 Red8 24. Re5 b6 25. Bf3 Bxf3 26. gxf3 Rac8 27. Re3 Nb7 28. Rd1 Rxc4 29. b3 Rc6 30. Red3 Rd7 31. Kg2 Kg7 32. f4 Kf6 33. Kf3 e5 34. fxe5+ Kxe5 35. Re1+ Kf6 36. Red1 g5 37. h4 h6 38. Rd5 Rc5 39. Ke4 Kg6 40. Rh1 Rc2 41. hxg5 hxg5 42. Rh8 f5+ 43. Kd3 Rc6 44. Rg8+ Kh6 45. Rf8 f4 46. Rff5 1/2-1/2